 Dungeon Crawl Stone Soup version 0.19.3-1-g3169bf9 (webtiles) character file.

32 Lahna the Skirmisher (level 3, 0/29 HPs)
             Began as a Formicid Abyssal Knight on Jan 24, 2017.
             Was a Follower of Lugonu.
             Killed from afar by Natasha (8 damage)
             ... with a magic dart
             ... on level 2 of the Dungeon.
             The game lasted 00:01:59 (788 turns).

Lahna the Skirmisher (Formicid Abyssal Knight)       Turns: 788, Time: 00:02:00

Health: 0/29       AC:  6    Str: 16    XL:     3   Next: 45%
Magic:  4/4        EV: 10    Int: 11    God:    Lugonu [*.....]
Gold:   80         SH:  0    Dex: 11    Spells: 0 memorised, 2 levels left

rFire  . . .     SeeInvis +     a - +1 spear
rCold  . . .     Gourm    .     o - +0 ring mail (curse)
rNeg   . . .     Faith    .     (no shield)
rPois  .         Spirit   .     (helmet unavailable)
rElec  .         Reflect  .     (no cloak)
rCorr  .         Harm     .     h - +0 pair of gloves (curse)
MR     .....                    (no boots)
Stlth  +.........               (no amulet)
                                (no ring)
                                (no ring)

@: no status effects
A: permanent stasis, dig shafts and tunnels, four strong arms, antennae 3
a: Dig, Shaft Self, Depart the Abyss, Renounce Religion


You were on level 2 of the Dungeon.
You worshipped Lugonu.
Lugonu was aware of your devotion.
You were not hungry.

You visited 1 branch of the dungeon, and saw 2 of its levels.
You visited the Abyss 1 time.

You collected 80 gold pieces.

Inventory:

Hand Weapons
 a - a +1 spear (weapon)
Armour
 h - a cursed +0 pair of gloves (worn)
 o - a cursed +0 ring mail (worn)
Scrolls
 b - a scroll of teleportation {unknown}
 l - a scroll of random uselessness {unknown}
 n - a scroll of noise {unknown}
 p - a scroll of recharging {unknown}
Potions
 e - 2 potions of invisibility {unknown}
 g - a potion of resistance {unknown}
 j - a potion of cancellation {unknown}
 k - a potion of degeneration {unknown}
 q - a potion of curing {unknown}
 r - a potion of flight {unknown}
Comestibles
 c - 2 bread rations
 d - a beef jerky
 f - 6 chunks of flesh
 i - a meat ration
 m - 3 fruits


   Skills:
 + Level 3.6 Fighting
 + Level 2.5 Polearms
 + Level 2.8 Armour
 - Level 1.0 Dodging
 + Level 2.5 Invocations


You had 2 spell levels left.
You didn't know any spells.

Dungeon Overview and Level Annotations

Branches:
Dungeon (2/15)

Altars:

Annotations:
D:2 Natasha


Innate Abilities, Weirdness & Mutations

You are under a permanent stasis effect.
You can dig through walls and to a lower floor.
Your four strong arms can wield two-handed weapons with a shield.
You have a pair of large antennae on your head. (SInv)


Message History

* * * LOW HITPOINT WARNING * * *
You are too injured to fight recklessly!
You are too injured to fight recklessly!
You are too injured to fight recklessly!
You hit Natasha but do no damage.
Natasha is heavily wounded.
Natasha claws you but does no damage.
You hit Natasha.
Natasha is severely wounded.
Natasha completely misses you.
You barely miss Natasha.
Natasha is severely wounded.
Natasha stares at you and mumbles some strange words.
The magic dart hits you!
* * * LOW HITPOINT WARNING * * *
You hit Natasha.
Natasha is almost dead.
Natasha casts a spell at you. The magic dart hits you!
You die...

░...░░..░
░.░░░░░>░░
..░ ░..░ ░░.░
░.░░ ░..░░ ░
░░..░░.░
░░░░░░░░....░
......)@h░░.░
░░░░░░░░..░ ░
░░.... ......
░░░░░░


You could see Natasha.

Vanquished Creatures
  A dart slug (D:1)
  A giant cockroach (D:1)
  6 goblins (D:1)
  6 hobgoblins
  6 kobolds (D:1)
  A quokka (D:2)
  3 bats
  2 frilled lizards
  3 rats (D:1)
29 creatures vanquished.

Notes
Turn   | Place    | Note
-------+----------+-------------------------------------------
     0 | Abyss:1  | Lahna the Formicid Abyssal Knight began the quest for the Orb.
     0 | Abyss:1  | Reached XP level 1. HP: 18/18 MP: 2/2
    13 | Abyss:1  | Found a shimmering altar of Xom.
    45 | Abyss:1  | Noticed an iron imp
    48 | D:1      | Escaped the Abyss
    83 | D:1      | Reached skill level 1 in Dodging
   224 | D:1      | Reached XP level 2. HP: 23/24 MP: 3/3
   314 | D:1      | Reached * piety under Lugonu
   548 | D:1      | Reached XP level 3. HP: 29/29 MP: 4/4
   778 | D:2      | Noticed Natasha
   788 | D:2      | Killed from afar by Natasha

Skill      XL: |  1 |
---------------+----+-----
Dodging        | 1 |  1.0
Fighting       | |  3.6
Polearms       | |  2.5
Armour         | |  2.8
Invocations    | |  2.5

Action                   || total
-------------------------++-------
Melee: Spear             ||    98
Invok: Depart the Abyss  ||     1
Armor: Leather armour    ||    12
       Ring mail         ||    10
Dodge: Dodged            ||    38
